 Dungeon Crawl Stone Soup version 0.29-a0-231-g945431f764 (webtiles) character file.

Game seed: 2276153842549984531

46 testman the Vexing (level 3, -5/28 HPs)
             Began as a Barachi Arcane Marksman on Feb 28, 2022.
             Slain by Crazy Yiuf
             ... wielding a +2 quarterstaff of chaos
              (14 damage)
             ... on level 2 of the Dungeon.
             The game lasted 00:03:39 (1621 turns).

testman the Vexing (Barachi Arcane Marksman)        Turns: 1621, Time: 00:03:39

Health: -5/28      AC:  2    Str: 11    XL:     3   Next: 66%
Magic:  3/4        EV: 12    Int: 13    God:
Gold:   49         SH:  0    Dex: 14    Spells: 0/4 levels left

rFire   . . .      SeeInvis .   a - +0 shortbow
rCold   . . .      Faith    .   (shield currently unavailable)
rNeg    . . .      Spirit   .   b - +0 robe
rPois   .          Reflect  .   (no helmet)
rElec   .          Harm     .   (no cloak)
rCorr   .          Rampage  .   (no gloves)
Will    .....                   (no boots)
Stlth   +.........              (no amulet)
HPRegen 0.09/turn               (no ring)
MPRegen 0.09/turn               (no ring)

@: unable to hop, slow
A: amphibious, slowness 1, strong legs 1, +LOS
a: Hop


You were on level 2 of the Dungeon.
You visited 1 branch of the dungeon, and saw 2 of its levels.

You collected 49 gold pieces.

Inventory:

Hand Weapons
 a - a +0 shortbow (weapon)
Armour
 b - a +0 robe (worn)
Scrolls
 c - a scroll of magic mapping {unknown}
 d - a scroll of noise {unknown}
 f - a scroll of fog {unknown}
 g - 3 scrolls of identify {unknown}
 j - a scroll of amnesia {unknown}
Potions
 e - 2 potions of heal wounds {unknown}
 h - 4 potions of curing
 i - 2 potions of flight {unknown}
 k - a potion of invisibility {unknown}


   Skills:
 + Level 2.4 Fighting
 + Level 2.7 Bows
 - Level 2.1 Dodging
 - Level 1.1 Spellcasting
 + Level 3.9 Hexes
 + Level 0.2 Translocations


You couldn't memorise any spells.
You knew the following spells:

 Your Spells              Type           Power      Damage    Failure   Level
a - Slow                  Hex            44%        N/A       5%          1
b - Portal Projectile     Hex/Tloc       12%        N/A       34%         3

Your spell library contained the following spells:

 Spells                   Type           Power      Damage    Failure   Level
 Inner Flame              Hex/Fire       5%         N/A       36%         3
 Cause Fear               Hex            5%         N/A       47%         4


Dungeon Overview and Level Annotations

Branches:
Dungeon (2/15)

Altars:

Annotations:
D:2 Crazy Yiuf


Innate Abilities, Weirdness & Mutations

You are amphibious.
You cover ground slowly.
You can hop short distances.
You have an extended range of vision and can be seen from far away.


Message History

Shoot: a) +0 shortbow
Press: ? - help, Shift-Dir - straight line, f - Crazy Yiuf
Aim: Crazy Yiuf, wielding a +2 quarterstaff of chaos and wearing a +0 cloak (slow, 64% to hit)
Okay, then.
Crazy Yiuf says, "Crazy?
Crazy!?
PORCUPINE!"
You are too injured to fight recklessly!
Shoot: a) +0 shortbow
Press: ? - help, Shift-Dir - straight line, f - Crazy Yiuf
Aim: Crazy Yiuf, wielding a +2 quarterstaff of chaos and wearing a +0 cloak (slow, 64% to hit)
You shoot an arrow.
The arrow hits Crazy Yiuf but does no damage.
Shoot: a) +0 shortbow
Press: ? - help, Shift-Dir - straight line, f/p - Crazy Yiuf
Aim: Crazy Yiuf, wielding a +2 quarterstaff of chaos and wearing a +0 cloak (slow, 64% to hit)
You shoot an arrow. The arrow closely misses Crazy Yiuf.
The arrow hits the fungus.
The fungus begins to die.
The fungus is lightly damaged.
Shoot: a) +0 shortbow
Press: ? - help, Shift-Dir - straight line, f/p - Crazy Yiuf
Aim: Crazy Yiuf, wielding a +2 quarterstaff of chaos and wearing a +0 cloak (slow, 64% to hit)
You shoot an arrow. The arrow hits Crazy Yiuf!
Crazy Yiuf is moderately wounded.
Crazy Yiuf is no longer moving slowly.
Shoot: a) +0 shortbow
Press: ? - help, Shift-Dir - straight line, f/p - Crazy Yiuf
Aim: Crazy Yiuf, wielding a +2 quarterstaff of chaos and wearing a +0 cloak (moderately wounded, 64% to hit)
You shoot an arrow. The arrow hits Crazy Yiuf.
Crazy Yiuf is severely wounded.
A nearby fungus withers and dies.
Crazy Yiuf twirls on the spot.
Crazy Yiuf barely misses you. x2
Shoot: a) +0 shortbow
Press: ? - help, Shift-Dir - straight line, f/p - Crazy Yiuf
Aim: Crazy Yiuf, wielding a +2 quarterstaff of chaos and wearing a +0 cloak (heavily wounded, 64% to hit)
You shoot an arrow. The arrow hits Crazy Yiuf.
Crazy Yiuf is severely wounded.
Crazy Yiuf hits you with a +2 quarterstaff of chaos!
Ouch! That really hurt!
You die...

###############
#........##...##
#####.######....@..##
...†........####g...#
###.#.####### ##..##
##....####### #P..P#
.##.####
#...........# ##...#
..... ..
##...######## ##.##
#...### ##.## ##.#
##...... #.# #.##
......## #.# ##.#
......##


You could see Crazy Yiuf.

Vanquished Creatures
  2 adders (D:2)
  A dart slug (D:1)
  2 endoplasms
  A giant cockroach (D:1)
  A goblin (D:2)
  A hobgoblin (D:2)
  3 jackals (D:1)
  2 quokkas (D:2)
  3 ball pythons (D:2)
  2 bats (D:2)
  2 frilled lizards
  2 kobolds (D:1)
  3 rats
25 creatures vanquished.

Vanquished Creatures (others)
  A fungus (D:2)
  3 plants (D:1)
4 creatures vanquished.

Grand Total: 29 creatures vanquished

Notes
Turn   | Place    | Note
-------+----------+-------------------------------------------
     0 | D:1      | testman the Barachi Arcane Marksman began the quest for the
                  | Orb.
     0 | D:1      | Reached XP level 1. HP: 15/15 MP: 2/2
   156 | D:1      | Reached XP level 2. HP: 14/21 MP: 3/3
   885 | D:2      | Reached XP level 3. HP: 27/27 MP: 4/4
   905 | D:2      | Learned a level 3 spell: Portal Projectile
  1600 | D:2      | Found a runed translucent door.
  1601 | D:2      | Noticed Crazy Yiuf
  1621 | D:2      | Slain by Crazy Yiuf

Illustrated notes

Levels and vault maps discovered:
D:1:      dpeg_arrival_shelter, layout_rooms, serial_bayou_pond_c
D:2:      layout_loops_corners, uniq_crazy_yiuf_cottage

Skill      XL: |  1  2 |
---------------+-------+-----
Fighting       | 2 |  2.4
Bows           | |  2.7
Dodging        | |  2.1
Spellcasting   | |  1.1
Hexes          | |  3.9
Translocations | |  0.2

Action                   || total
-------------------------++-------
 Fire: Shortbow          ||    79
 Cast: Slow              ||     1
 Abil: Hop               ||     1
Armor: Robe              ||     7
Dodge: Dodged            ||    39

Table legend: (Time is in decaauts)
 A = Elapsed time spent in this place.
 B = Non-inter-level travel time spent in this place.
 C = Inter-level travel time spent in this place.
 D = Time resting spent in this place.
 E = Time spent auto-exploring this place.
 F = Levels seen in this place.
 G = Mean time per level.
                   A        B        C        D        E       F      G
               +--------+--------+--------+--------+--------+-----+--------+
         Total |   1825 |   1783 |     42 |    332 |   1248 |   2 |  912.5 |
       Dungeon |   1825 |   1783 |     42 |    332 |   1248 |   2 |  912.5 |
               +--------+--------+--------+--------+--------+-----+--------+

Top non-repeatable levels by time:
     D:2: 933 daAuts
     D:1: 892 daAuts
